 Dungeon Crawl Stone Soup version 0.27.0-1-g7a089689b8 (webtiles) character file.

Game seed: 15234629249958049620

21 Descartes the Sneak (level 2, -1/14 HPs)
             Began as a Felid Wanderer on Aug 1, 2021.
             Slain by an adder (4 damage)
             ... on level 1 of the Dungeon.
             The game lasted 00:01:53 (1483 turns).

Descartes the Sneak (Felid Wanderer)                Turns: 1483, Time: 00:01:53

Health: -1/14      AC:  1    Str: 10    XL:     2   Next: 65%
Magic:  3/3        EV: 16    Int: 10    God:
Gold:   24         SH:  0    Dex: 16    Spells: 1/1 levels left
                                        Lives:  0   Deaths: 0

rFire    . . .     SeeInvis +     - Unarmed
rCold    . . .     Faith    .   (shield unavailable)
rNeg     . . .     Spirit   .   (armour unavailable)
rPois    .         Reflect  .   (helmet unavailable)
rElec    .         Harm     .   (cloak unavailable)
rCorr    .         Rampage  .   (gloves unavailable)
Will     .....                  (boots unavailable)
Stlth    +++.......             (no amulet)
HPRegen  0.04/turn              (no ring)
MPRegen  0.08/turn              (no ring)

@: quick
A: very small, claws 1, fangs 3, see invisible, speed 1, shaggy fur 1, stealthy
paws, no weapons or thrown items, no armour, multi-lived
a: no special abilities


You were on level 1 of the Dungeon.
You visited 1 branch of the dungeon, and saw 2 of its levels.

You collected 24 gold pieces.

Inventory:

Jewellery
 h - a ring of protection from cold
Scrolls
 b - 2 scrolls of teleportation
 c - a scroll of fear {unknown}
 d - a scroll of immolation {unknown}
 g - a scroll of enchant armour {unknown}
Potions
 a - 2 potions of haste
 e - a potion of might {unknown}
 f - a potion of flight {unknown}


   Skills:
 - Level 3.0 Fighting
 + Level 1.6 Dodging
 + Level 5.7 Stealth
 + Level 2.4 Unarmed Combat
 - Level 1.1 Evocations


You had one spell level left.
You didn't know any spells.
Your spell library was empty.

Dungeon Overview and Level Annotations

Branches:
Dungeon (2/15)

Altars:

Shops:
D:1 (


Innate Abilities, Weirdness & Mutations

You have sharp claws.
You have razor-sharp teeth.
You have supernaturally acute eyesight. (SInv)
You cover ground quickly. (Speed+)
You are covered in fur. (AC +1)
Your paws help you pounce on unaware monsters.
You are incapable of wielding weapons or throwing items.
You cannot wear armour.
You gain extra lives every three experience levels.


Message History

The adder misses you.
You are too injured to fight recklessly!
You are too injured to fight recklessly!
You are too injured to fight recklessly!
You are too injured to fight recklessly!
You are too injured to fight recklessly!
You are too injured to fight recklessly!
You are too injured to fight recklessly!
You are too injured to fight recklessly!
You are too injured to fight recklessly!
There is an open door here.
Unknown command.
The endoplasm jiggles.
There is a stone staircase leading up here.
You climb upwards.
There is a stone staircase leading down here.
HP restored.
Done exploring.
You climb downwards.
The hobgoblin closely misses you. The adder bites you.
The hobgoblin misses you.
There is a stone staircase leading up here.
The adder closely misses you.
The hobgoblin hits you with a +0 hand axe.
You climb upwards.
There is a stone staircase leading down here.
The adder closely misses you.
You scratch the adder but do no damage. The adder bites you.
* * * LOW HITPOINT WARNING * * *
You miss the adder. The adder barely misses you.
You scratch the adder.
The adder is moderately wounded.
The adder bites you.
* * * LOW HITPOINT WARNING * * *
You claw the adder!
The adder is almost dead.
The adder closely misses you. The adder barely misses you.
You miss the adder.
The adder is almost dead.
The adder bites you.
You die...

##### ### #...## ##.## ##
#....## ##.#.##
.####.#.#.##########.###.##
......#....#....@Sg.## ##.#
.#.##.###....#######.###.##
#..........### ##.#.##
..#.#.#..### ##.##
#.##..#..# #g#
##.##....##### #.#
#.##.#.......# #g#
....##..####.# #.#
........# #.# #.#


You could see an adder and a hobgoblin.

Vanquished Creatures
  A worm (D:2)
  A dart slug (D:2)
  A ball python (D:1)
  An endoplasm (D:1)
  2 giant cockroaches
  2 goblins
  2 hobgoblins (D:1)
  A bat (D:2)
  A frilled lizard (D:1)
  4 rats
16 creatures vanquished.

Vanquished Creatures (others)
  A plant (D:1)
1 creature vanquished.

Grand Total: 17 creatures vanquished

Notes
Turn   | Place    | Note
-------+----------+-------------------------------------------
     0 | D:1      | Descartes the Felid Wanderer began the quest for the Orb.
     0 | D:1      | Descartes set off with the following items: 2 potions of
                  | haste, 2 scrolls of teleportation
     0 | D:1      | Reached XP level 1. HP: 10/10 MP: 2/2
   200 | D:1      | Found a faded altar of an unknown god.
   404 | D:1      | Reached skill level 1 in Dodging
   442 | D:1      | Reached XP level 2. HP: 8/14 MP: 3/3
   708 | D:1      | Found Zoawoutt's Weapon Boutique.
  1483 | D:1      | Slain by an adder

Illustrated notes

Levels and vault maps discovered:
D:1:      amcnicky_arrival_double_pillar, layout_loops_ring, serial_shops, shop,
          shapermc_ecumenical_altar_gd
D:2:      layout_basic

Skill      XL: |  1 |
---------------+----+-----
Dodging        | 1 |  1.6
Fighting       | |  3.0
Stealth        | |  5.7
Unarmed Combat | |  2.4
Evocations     | |  1.1

Action                   || total
-------------------------++-------
Melee: Unarmed           ||    56
       Bite              ||     3
 Stab: Sleeping          ||     5
Armor: Skin              ||     1
Dodge: Dodged            ||    33
